woodfighter, chaotic female orcish Cavewoman @ woodfighter the Cave Woman Experience level: 11 Strength: 18/06 Dexterity: 15 Constitution: 18 Intelligence: 8 Wisdom: 9 Charisma: 7 Health: 0(90) Energy: 44(44) Def: 21 Gold: 787 Moves: 18613 Dungeon seed: B-y9oDlyrwRPi6b_ Game ID: woodfighter_1476982929 Your Inventory: Coins $ - 787 gold pieces Amulets N - an uncursed amulet of reflection (being worn) Weapons a - a blessed +1 spear (weapon in hand) b - a +2 sling (alternate weapon; not wielded) Armor n - an uncursed +0 elven shield (being worn) x - an uncursed +2 dwarvish cloak (being worn) G - a blessed +2 dwarvish mithril-coat (being worn) I - an uncursed rusty +2 dwarvish iron helm (being worn) Y - an uncursed +0 pair of elven boots (being worn) Comestibles c - 5 uncursed food rations d - an uncursed clove of garlic J - an uncursed sprig of wolfsbane M - an uncursed tripe ration Z - an uncursed lizard corpse Potions O - an uncursed potion of invisibility Rings u - a blessed +1 ring of protection (on left hand) Wands l - a blessed wand of digging (0:6) m - a wand of fire (0:5) P - a wand of striking (0:6) Q - a wand of digging (0:7) W - a wand of teleportation (0:6) Tools g - an uncursed towel k - a blessed oil lamp (0:668) p - an uncursed stethoscope q - a +0 unicorn horn s - an uncursed oilskin sack y - an uncursed skeleton key C - a +0 pick-axe Gems r - a blessed luckstone U - 6 uncursed flints (in quiver) Contents of the oilskin sack: 4495 gold pieces an uncursed +0 mummy wrapping an uncursed lizard corpse a [uncursed] scroll of blank paper an uncursed scroll of create monster a [uncursed] scroll of fire a [blessed] scroll of teleportation a [uncursed] potion of booze a [blessed] potion of confusion a [uncursed] potion of levitation a [uncursed] potion of restore ability a [uncursed] potion of sickness a [blessed] potion of sleeping a [blessed] potion of speed a [uncursed] wand of create monster [0:11] a [uncursed] wand of digging [0:7] a [uncursed] wand of magic missile [0:6] Spells and supernatural/magical abilities: Name Level Category Fail Memory W - pray for help -- divine ? -- Your skills at the end: Miscellaneous Skills bare handed combat [Basic] shield [Skilled] stealth [Skilled] Weapon Skills scimitar [Basic] club [Basic] spear [Skilled] sling [Basic] Spellcasting Skills Final Attributes: You were piously aligned. You were sleep resistant. You were poison resistant. Your writing hand was ok. You had infravision. You were invisible. You were stealthy. You were swallowed by an ochre jelly. You were protected. You were fast. You had reflection. You were lucky. You had extra luck. Good luck did not time out for you. You are dead. Vanquished creatures: a nurse a ghost a queen bee 2 giant mimics a flesh golem a large mimic a couatl 2 elf-lords a giant zombie 5 wargs a quantum mechanic a small mimic 3 warhorses a xan 5 trolls a sasquatch a wood golem a pyrolisk a large dog a flaming sphere 2 shocking spheres 2 large cats 3 tigers 2 tengu 4 ochre jellies a chameleon a mountain centaur a giant an elf mummy 2 Grey-elves a python 2 wraiths 2 ettin zombies a succubus 7 giant beetles a winter wolf cub 2 black lights a lynx a panther a leprechaun a quivering blob a spotted jelly 4 lizards a mountain nymph 6 giant spiders 3 scorpions an iron piercer a horse 2 vampire bats a forest centaur 2 gnome kings a dwarf mummy 2 ogres a brown pudding 4 Green-elves 2 owlbears 2 yetis 2 werewolves 8 piranhas 2 dingos a dwarf lord a blue jelly 2 water nymphs a white unicorn 3 dust vortices 2 ravens 3 plains centaurs a gnome mummy 2 Woodland-elves 3 snakes 4 human zombies 2 rope golems 3 soldier ants 4 fire ants 4 yellow lights 4 bugbears 3 quasits a wood nymph 4 Mordor orcs 6 rock moles 4 rock piercers 3 ponies a fog cloud 2 violet fungi 19 gnome lords 7 gnomish wizards 2 kobold mummies a red naga hatchling a golden naga hatchling 2 guardian naga hatchlings 2 gray oozes a barrow wight 3 ghouls 2 straw golems 3 paper golems a giant ant 2 puppies 4 floating eyes 3 kittens 23 dwarves a homunculus 5 kobold lords a kobold shaman 5 iguanas 2 hill orcs 14 rothes 3 rabid rats a jitterbug 3 giant bats 10 orc zombies a wererat 11 killer bees 4 coyotes 4 gas spores 9 hobbits 2 large kobolds 6 geckos 12 hobgoblins 6 giant rats 3 cave spiders 2 brown molds 3 yellow molds 4 red molds 70 gnomes 3 garter snakes 13 manes 3 gnome zombies 19 jackals 4 foxes 9 newts 2 goblins 12 sewer rats 8 grid bugs 3 bats 4 lichens 3 kobold zombies 522 creatures vanquished. Voluntary challenges: You did not have reflection until turn 11690. You had been an atheist until turn 2899. You used a wielded weapon 1148 times, starting on turn 2. You did not use plumbed fixtures. You read items or engraved 5 times, starting on turn 9376. You never genocided any monsters. You never polymorphed an object. You changed form 1 time, starting on turn 4880. You cheated 1 time but completed Sokoban on turn 11571. You used no wishes. You never split a pudding. You never wrote Elbereth's name. You never violated your personal moral code. Dungeon overview: The Dungeons of Doom: levels 1 to 20 Level 1 a fountain a long staircase Level 2 a general store, a fountain stairs to The Gnomish Mines Level 3 an altar to Anu, a fountain Level 4 Level 5 a sink Level 6 a fountain Level 7 a fountain Level 8 (w) a fountain Level 9 many fountains Level 10 stairs to Sokoban Level 11 a fountain Level 12 (w) a temple to Ishtar Level 13 some fountains Level 14 an altar to Anshar Level 15 (quest) some fountains Level 16 (rogue) Level 17 an altar to Anshar, some fountains Level 18 Level 19 (white dragon hall) <- You were here Level 20 The Gnomish Mines: levels 3 to 10 Level 3 stairs to The Dungeons of Doom Level 4 Level 5 (l) Level 6 many shops, a temple to Ishtar, a magic chest, some fountains, some trees Level 7 Level 8 Level 9 Level 10 a magic chest, a fountain Sokoban: levels 6 to 9 Level 6 a magic chest Level 7 a delicatessen, a magic chest Level 8 Level 9 an altar to Anshar, a magic chest stairs to The Dungeons of Doom History has recorded: On T:1 you entered the Dungeons of Doom to retrieve the Amulet of Yendor! On T:134 you reached level 2 of The Dungeons of Doom. On T:617 you advanced to experience level 2. On T:886 you reached level 1 of The Gnomish Mines. On T:893 you advanced to experience level 3. On T:908 you advanced to experience level 4. On T:1117 you advanced to experience level 5. On T:1371 you reached level 2 of The Gnomish Mines. On T:1689 you advanced to experience level 6. On T:2119 you reached level 3 of The Gnomish Mines. On T:2685 you reached level 4 of The Gnomish Mines. On T:2884 you entered the Minetown temple On T:2890 you advanced to experience level 7. On T:2903 you opened a magic chest. On T:3138 you reached level 5 of The Gnomish Mines. On T:3771 you reached level 6 of The Gnomish Mines. On T:3805 you reached level 7 of The Gnomish Mines. On T:3818 you reached level 8 of The Gnomish Mines. On T:3818 you reached the bottom of the Mines. On T:4301 you advanced to experience level 8. On T:5404 you prayed to Anshar. On T:5766 you advanced to experience level 9. On T:6035 you reached level 3 of The Dungeons of Doom. On T:6241 you reached level 4 of The Dungeons of Doom. On T:6409 you reached level 5 of The Dungeons of Doom. On T:6784 you reached level 6 of The Dungeons of Doom. On T:6902 you reached level 7 of The Dungeons of Doom. On T:7573 you reached level 8 of The Dungeons of Doom. On T:7705 you reached level 9 of The Dungeons of Doom. On T:8563 you prayed to Anshar. On T:8727 you reached level 10 of The Dungeons of Doom. On T:8898 you reached level 4 of Sokoban. On T:9771 you reached level 3 of Sokoban. On T:10342 you reached level 2 of Sokoban. On T:10819 you reached level 1 of Sokoban. On T:11571 you entered the Sokoban zoo. On T:13093 you reached level 11 of The Dungeons of Doom. On T:13460 you reached level 12 of The Dungeons of Doom. On T:13784 you reached level 13 of The Dungeons of Doom. On T:13805 you advanced to experience level 10. On T:14405 you reached level 14 of The Dungeons of Doom. On T:15307 you reached level 15 of The Dungeons of Doom. On T:15397 you reached level 16 of The Dungeons of Doom. On T:15397 you entered the Rogue tribute level. On T:16006 you reached level 17 of The Dungeons of Doom. On T:16185 you reached level 18 of The Dungeons of Doom. On T:16685 you advanced to experience level 11. On T:17756 you prayed to Anshar. On T:18188 you reached level 19 of The Dungeons of Doom. On T:18513 you reached level 20 of The Dungeons of Doom. Score breakdown: Gold: 5282 ( 528 points) Experience: 11 levels ( 1000 points) Exploration: 20 levels ( 570 points) Discoveries: 56 items ( 2000 points) Variety of kills: 136 monsters ( 2000 points) Major goal: Sokoban/Mines ( 1500 points) Survival: died (score multiplied by 3) Total score: 22794 Latest messages: You jab the priestess! (2x) The priestess punches you! The marilith breaks out of her armor! The marilith's wrapping tears apart! You jab the marilith! The marilith claws you! (3x) The marilith misses. (3x) You jab the jabberwock! The jabberwock just misses! The jabberwock bites! The jabberwock claws you! (2x) The floating eye bumps right into you! You resume your meal. You stop eating. You jab the ochre jelly! You are splashed by the ochre jelly's acid! You resume your meal. You stop eating. (5x) The ochre jelly bumps right into you! You stop eating. (5x) The ochre jelly engulfs you! You are covered in slime! It burns! You die... Final status: Goodbye woodfighter the Cavewoman, killed by an ochre jelly... You died in The Dungeons of Doom on dungeon level 19 with 22794 points, and 5282 pieces of gold, after 18613 moves. You were level 11 with a maximum of 90 hit points when you died.